 Dungeon Crawl Stone Soup version 0.30-a0-557-ge2afbf3030 (webtiles) character file.

Game seed: 12992746686954385369

935 cforsyth the Conjurer (level 7, -1/50 HPs)
             Began as a Purple Draconian Conjurer on Dec 28, 2022.
             Slain by an orc warrior
             ... wielding a +0 mace
              (10 damage)
             ... on level 5 of the Dungeon.
             The game lasted 00:15:34 (8760 turns).

cforsyth the Conjurer (Purple Draconian Conjurer)   Turns: 8760, Time: 00:15:34

Health: -1/50      AC:  7    Str:  9    XL:     7   Next: 87%
Magic:  2/15       EV: 17    Int: 21    God:
Gold:   111        SH:  0    Dex:  9    Spells: 2/17 levels left

rFire   . . .      SeeInvis .    (no weapon)
rCold   . . .      Faith    .    (no shield)
rNeg    . . .      Spirit   .    (body armour unavailable)
rPois   .          Reflect  .    (helmet restricted)
rElec   .          Harm     .    (no cloak)
rCorr   .          Rampage  .    g - +0 pair of gloves
Will    +....                    (no boots)
Stlth   ++                       (no amulet)
HPRegen 0.28/turn                c - ring of wizardry
MPRegen 0.14/turn                q - +4 ring of evasion

@: short of breath
A: breathe power, AC +6, unfitting armour, cold-blooded
a: Breathe Dispelling Energy


You were on level 5 of the Dungeon.
You visited 1 branch of the dungeon, and saw 5 of its levels.

You collected 240 gold pieces.
You spent 129 gold pieces at shops.

Inventory:

Armour
 g - a +0 pair of gloves (worn)
 i - a +0 pair of boots
 z - a +2 kite shield
Jewellery
 c - a ring of wizardry (left hand)
 q - a +4 ring of evasion (right hand)
 B - a ring of protection from cold
Wands
 w - a wand of flame (8)
Scrolls
 b - 2 scrolls of acquirement {unknown}
 e - a scroll of magic mapping {unknown}
 h - 6 scrolls of identify {unknown}
 k - 3 scrolls of teleportation {unknown}
 m - 4 scrolls of fear {unknown}
 n - a scroll of poison {unknown}
 p - a scroll of fog {unknown}
 r - a scroll of immolation {unknown}
 v - a scroll of vulnerability {unknown}
 y - a scroll of butterflies {unknown}
Potions
 a - 2 potions of magic
 d - a potion of cancellation {unknown}
 f - 5 potions of curing {unknown}
 j - 4 potions of degeneration {unknown}
 l - 2 potions of berserk rage {unknown}
 o - a potion of might {unknown}
 s - a potion of flight {unknown}
 t - a potion of heal wounds
 u - a potion of resistance {unknown}
 x - a potion of lignification {unknown}
 A - a potion of mutation {unknown}


   Skills:
 + Level 4.8 Dodging
 - Level 1.8 Stealth
 + Level 1.2 Shields
 + Level 5.9 Spellcasting
 - Level 5.9 Conjurations
 + Level 2.3 Hexes
 + Level 1.3 Translocations


You had 2 spell levels left.
You knew the following spells:

 Your Spells              Type           Power      Damage    Failure   Level
a - Magic Dart            Conj           100%       1d8       1%          1
b - Mephitic Cloud        Conj/Pois/Air  14%        N/A       5%          3
c - Gell's Gravitas       Tloc           11%        N/A       7%          3
d - Iskenderun's Mystic   Conj/Tloc      21%        2d6       9%          4
e - Fulminant Prism       Conj/Hex       11%        3d8       8%          4

Your spell library contained the following spells:

 Spells                   Type           Power      Damage    Failure   Level
 Momentum Strike          Conj/Tloc      42%        3d9       1%          2
 Searing Ray              Conj           62%        2d6       1%          2
 Blink                    Tloc           22%        N/A       3%          2
 Cigotuvi's Dreadful Rot  Necr/Pois/Air  12%        N/A       6%          2
 Poisonous Vapours        Pois/Air       12%        N/A       6%          2
 Dazzling Flash           Conj/Hex       46%        N/A       2%          3
 Lesser Beckoning         Tloc           22%        N/A       7%          3
 Teleport Other           Tloc           11%        N/A       7%          3
 Dispersal                Tloc           5%         N/A       96%         6


Dungeon Overview and Level Annotations

Branches:
Dungeon (5/15)
 Temple: D:4-7

Altars:
Xom

Shops:
D:2 ***(


Innate Abilities, Weirdness & Mutations

You can breathe bolts of dispelling energy.
Your rich purple scales are hard. (AC +6)
You cannot fit into any form of body armour.
You are cold-blooded and may be slowed by cold attacks.


Message History

The orc warrior is heavily wounded.
The orc warrior hits you with a +0 mace!
The orc warrior attacks as you move away!
The orc warrior hits you with a +0 mace!
You see here a +0 spear.
The orc warrior attacks as you move away!
The orc warrior hits you with a +0 mace.
Aiming: Breathe Dispelling Energy (5% risk of failure)
Press: ? - help, Shift-Dir - straight line, f/p - orc warrior
Aim: an orc warrior, wielding a +0 mace and wearing a +0 chain mail (heavily wounded, 48% to hit)
You breathe a bolt of dispelling energy.
The bolt of dispelling energy hits the orc warrior!
The orc warrior is severely wounded.
The orc warrior closely misses you.
Unknown command.
The orc warrior attacks as you move away!
The orc warrior hits you with a +0 mace.
* * * LOW HITPOINT WARNING * * *
There is an open door here.
Aiming: Throw Flame
Press: ? - help, Shift-Dir - straight line, f/p - orc warrior
Aim: an orc warrior, wielding a +0 mace and wearing a +0 chain mail (severely wounded, 64% to hit)
The puff of flame hits the orc warrior.
The orc warrior is almost dead.
The orc warrior hits you with a +0 mace.
* * * LOW HITPOINT WARNING * * *
Unknown command.
Aiming: Throw Flame
Press: ? - help, Shift-Dir - straight line, f/p - orc warrior
Aim: an orc warrior, wielding a +0 mace and wearing a +0 chain mail (almost dead, 64% to hit)
The puff of flame misses the orc warrior.
The orc warrior hits you with a +0 mace.
* * * LOW HITPOINT WARNING * * *
Aiming: Throw Flame
Press: ? - help, Shift-Dir - straight line, f/p - orc warrior
Aim: an orc warrior, wielding a +0 mace and wearing a +0 chain mail (almost dead, 64% to hit)
The puff of flame hits the orc warrior but does no damage.
The orc warrior is almost dead.
The orc warrior hits you with a +0 mace!
You die...

#.# #.###.##.###.#### ..# #.#
#.###.#.## ##.... #.# #.#
#......## ##.#. #.# ###.#
#####+#.## ##.##. #.# #...#
##...#.###.###. #.# #.###
##.....#.#.###.. #.# #.#.##
##.......#.###...
#.#######....####.....>...####...
.........).....o@.........'......
..#######....####.........####...
### #.#.## ##..)<...## #...
##.###### ##.....## #.##
#.......# ##...## #.## #..####.#
##'## #... #..# #.# #.# ####
#..####.# #.# # #....##.# ##.## #


You could see an orc warrior.

Vanquished Creatures
  An ogre (D:5)
  2 scorpions (D:5)
  A vampire bat (D:5)
  A howler monkey (D:4)
  An orc priest (D:5)
  5 hounds
  Terence (D:3)
  2 iguanas (D:5)
  2 orc wizards
  7 gnolls
  5 adders
  3 worms
  8 dart slugs
  3 fire bats (D:5)
  17 orcs
  2 spectral bats (D:5)
  15 bats
  3 bat skeletons (D:5)
  A bat zombie (D:5)
  10 endoplasms
  2 giant cockroaches
  7 goblins
  7 hobgoblins
  7 jackals
  10 kobolds
  A quokka (D:4)
  5 ball pythons
  A bat simulacrum (D:5)
  3 frilled lizards
  4 rats
137 creatures vanquished.

Vanquished Creatures (others)
  2 fulminant prisms (D:5)
2 creatures vanquished.

Grand Total: 139 creatures vanquished

Notes
Turn   | Place    | Note
-------+----------+-------------------------------------------
     0 | D:1      | cforsyth the Draconian Conjurer began the quest for the
                  | Orb.
     0 | D:1      | Reached XP level 1. HP: 14/14 MP: 3/3
   304 | D:1      | Reached XP level 2. HP: 20/20 MP: 0/5
  1295 | D:1      | Reached XP level 3. HP: 26/26 MP: 4/6
  1677 | D:2      | Found Zosu's Antique Weapon Emporium.
  2633 | D:2      | Found Cecwycee's General Store.
  2719 | D:2      | Found Ipruoph's General Store.
  2806 | D:2      | Found Niyhios's Assorted Antiques.
  2849 | D:2      | Bought 3 scrolls labelled GAAMAUMECI for 66 gold pieces
  2849 | D:2      | Bought a bubbling sapphire potion for 19 gold pieces
  2854 | D:2      | Identified the +8 hand axe "Mosyum" {freeze, rElec rF+ rN+
                  | MP-9}
  2925 | D:2      | Identified the +10 dagger of Nadal {drain, rElec rC+ Str+6
                  | Dex-2}
  3127 | D:3      | Reached XP level 4. HP: 33/33 MP: 1/8
  3930 | D:2      | Bought a scroll labelled FYETED WAMAU for 22 gold pieces
  3930 | D:2      | Bought a scroll labelled PUWANK FEUNUTA for 22 gold pieces
  4805 | D:3      | Noticed Terence
  4821 | D:3      | Killed Terence
  5183 | D:4      | Reached XP level 5. HP: 36/38 MP: 5/9
  5692 | D:4      | Reached skill level 5 in Conjurations
  6095 | D:4      | Reached XP level 6. HP: 42/45 MP: 5/11
  6806 | D:5      | Entered Level 5 of the Dungeon
  7037 | D:5      | Your scales start taking on a rich purple colour.
  7037 | D:5      | Reached skill level 5 in Spellcasting
  7037 | D:5      | Reached XP level 7. HP: 50/50 MP: 8/14
  7086 | D:5      | Found a shimmering altar of Xom.
  7196 | D:5      | Reached skill level 1 in Hexes
  7614 | D:5      | Learned a level 3 spell: Mephitic Cloud
  7618 | D:5      | Learned a level 3 spell: Gell's Gravitas
  7623 | D:5      | Learned a level 4 spell: Iskenderun's Mystic Blast
  7628 | D:5      | Learned a level 4 spell: Fulminant Prism
  8586 | D:5      | Reached skill level 1 in Shields
  8586 | D:5      | Reached skill level 1 in Translocations
  8760 | D:5      | Slain by an orc warrior

Illustrated notes

Levels and vault maps discovered:
D:1:      eino_arrival_cavern_a, layout_loops_ring
D:2:      layout_rooms, serial_shops, shop, shop, shop,
          nicolae_shop_advertising_works [nicolae_subvault_shop_adworks],
          nrook_campfire, hangedman_decor_clover_reticule,
          amcnicky_mini_pool_small, wander_ebering_terrifying_dragon_lair
D:3:      layout_basic, minmay_diced_spiral, uniq_terence
D:4:      layout_basic
D:5:      layout_loops_corners, xom_butterflies, chequers_garden, goddamned_bats

Skill      XL: |  1  2  3  4  5  6  7 |
---------------+----------------------+-----
Dodging        | 2 3 4 |  4.8
Spellcasting   | 3 5 |  5.9
Conjurations   | 5 |  5.9
Hexes          | 2 |  2.3
Shields        | 1 |  1.2
Translocations | 1 |  1.3
Stealth        | |  1.8

Action                   |  1- 3 |  4- 6 |  7- 9 || total
-------------------------+-------+-------+-------++-------
Melee: Unarmed           |    55 |     9 |     2 ||    66
       Tailslap          |     4 |       |       ||     4
       Punch             |     1 |       |       ||     1
 Cast: Magic Dart        |   101 |   180 |   110 ||   391
       Iskenderun's Myst |       |       |     2 ||     2
       Fulminant Prism   |       |       |     2 ||     2
 Abil: Breathe Dispellin |       |       |     3 ||     3
Evoke: Wand              |       |     5 |     3 ||     8
Armor: Skin              |    28 |     7 |    12 ||    47
Dodge: Dodged            |    61 |    39 |    42 ||   142

Table legend: (Time is in decaauts)
 A = Elapsed time spent in this place.
 B = Non-inter-level travel time spent in this place.
 C = Inter-level travel time spent in this place.
 D = Time resting spent in this place.
 E = Time spent auto-exploring this place.
 F = Levels seen in this place.
 G = Mean time per level.
                   A        B        C        D        E       F      G
               +--------+--------+--------+--------+--------+-----+--------+
         Total |   8766 |   8582 |    184 |   2156 |   5257 |   5 | 1753.2 |
       Dungeon |   8766 |   8582 |    184 |   2156 |   5257 |   5 | 1753.2 |
               +--------+--------+--------+--------+--------+-----+--------+

Top non-repeatable levels by time:
     D:1: 2198 daAuts
     D:3: 1960 daAuts
     D:5: 1728 daAuts
     D:2: 1470 daAuts
     D:4: 1409 daAuts
